 Dungeon Crawl Stone Soup version 0.27.1-33-g824d729ab1 (webtiles) character file.

Game seed: 10745528233809402669

371 bellerephron the Slasher (level 6, -1/47 HPs)
             Began as a Demonspawn Gladiator on Nov 27, 2021.
             Slain by a troll (11 damage)
             ... on level 5 of the Dungeon.
             The game lasted 00:06:52 (4217 turns).

bellerephron the Slasher (Demonspawn Gladiator)     Turns: 4217, Time: 00:06:52

Health: -1/47      AC: 15    Str: 15    XL:     6   Next: 42%
Magic:  6/6        EV:  7    Int: 10    God:
Gold:   167        SH:  0    Dex: 15    Spells: 5/5 levels left

rFire    . . .     SeeInvis .   a - +0 long sword
rCold    . . .     Faith    .   (no shield)
rNeg     . . .     Spirit   .   j - +0 chain mail
rPois    .         Reflect  .   c - +0 helmet
rElec    .         Harm     .   (no cloak)
rCorr    .         Rampage  .   k - +2 pair of gloves
Will     .....                  (no boots)
Stlth    ..........             (no amulet)
HPRegen  0.15/turn              (no ring)
MPRegen  0.10/turn              (no ring)

@: mighty
A: slimy green scales 2
a: no special abilities


You were on level 5 of the Dungeon.
You visited 1 branch of the dungeon, and saw 5 of its levels.

You collected 167 gold pieces.

Inventory:

Hand Weapons
 a - a +0 long sword (weapon)
Missiles
 d - 2 throwing nets (quivered)
 f - 155 stones
 i - 2 curare-tipped darts
 m - 25 poisoned darts
Armour
 b - a +0 leather armour
 c - a +0 helmet (worn)
 j - a +0 chain mail (worn)
 k - a +2 pair of gloves (worn)
 n - a +0 plate armour
Wands
 r - a wand of mindburst (19)
Scrolls
 e - a scroll of magic mapping {unknown}
 g - 2 scrolls of identify {unknown}
 h - a scroll of vulnerability {unknown}
 l - 2 scrolls of fear {unknown}
Potions
 o - a potion of flight {unknown}


   Skills:
 * Level 3.3 Fighting
 * Level 5.3 Long Blades
 + Level 2.1 Throwing
 + Level 1.9 Armour
 + Level 3.0 Dodging


You had 5 spell levels left.
You didn't know any spells.
Your spell library contained the following spells:

 Spells                   Type           Power      Damage    Failure   Level
 Foxfire                  Conj/Fire      0%         2x1d4     100%        1


Dungeon Overview and Level Annotations

Branches:
Dungeon (5/15)
 Temple: D:4-7

Altars:
Makhleb

Shops:
D:4 (


Innate Abilities, Weirdness & Mutations

You are mostly covered in slimy green scales. (AC +3)


Message History

The iguana bites you but does no damage.
You slash the iguana!
You kill the iguana!
You hit the troll.
The troll is lightly wounded.
The troll barely misses you. The troll claws you. The troll claws you!
Your chain mail prevents you from hitting the troll.
The troll is lightly wounded.
The troll bites you! The troll claws you but does no damage.
The troll barely misses you.
Unknown command.
You barely miss the troll.
The troll is lightly wounded.
The troll bites you but does no damage. The troll claws you but does no damage.
The troll claws you!
Throw: 3 throwing nets
Press: ? - help, Q - select action, (/) - cycle Shift-Dir - straight line, f/p - troll
Aim: a troll (lightly wounded, poisoned, 59% to hit)
You throw a throwing net.
The throwing net closely misses the troll.
The throwing net hits the bullfrog skeleton.
The bullfrog skeleton is caught in the net!
The bullfrog skeleton struggles against the net.
The troll bites you.
* * * LOW HITPOINT WARNING * * *
The troll claws you.
* * * LOW HITPOINT WARNING * * *
The troll claws you.
* * * LOW HITPOINT WARNING * * *
Unknown command.
It was a potion of might.
You feel very mighty all of a sudden.
The bullfrog skeleton struggles against the net.
The troll bites you but does no damage. The troll completely misses you.
The troll barely misses you.
It was a potion of curing.
You feel better.
The troll looks more healthy.
The bullfrog skeleton struggles against the net.
The net rips apart, and the bullfrog skeleton comes free!
The troll bites you!
You die...

.###.....#.#####.#
#......#.#####.#
#..#........##.#######
.........#.##.......)...
###......#.###.....#####
>......##.# ##...##
##.######.#####.## #.
#.......# # #######@#
#T# #.Z.# #.....#
#...(.... #.....?....
+..?(.....|..
#..(.(....###
##.......##


You could see a troll and a bullfrog skeleton.

Vanquished Creatures
  An ogre (D:4)
  A scorpion (D:4)
  A hound (D:5)
  2 iguanas
  A hound skeleton (D:4)
  6 adders
  An adder skeleton (D:4)
  A worm (D:3)
  3 dart slugs
  6 ball pythons
  4 bats
  5 endoplasms
  9 giant cockroaches
  6 goblins
  8 hobgoblins
  2 quokkas
  7 frilled lizards
  9 kobolds
  2 rats
75 creatures vanquished.

Vanquished Creatures (others)
  A fungus (D:3)
1 creature vanquished.

Grand Total: 76 creatures vanquished

Notes
Turn   | Place    | Note
-------+----------+-------------------------------------------
     0 | D:1      | bellerephron the Demonspawn Gladiator began the quest for
                  | the Orb.
     0 | D:1      | Reached XP level 1. HP: 16/16 MP: 1/1
   190 | D:1      | Gained mutation: You are partially covered in slimy green
                  | scales. (AC +2) [demonic ancestry]
   190 | D:1      | Reached XP level 2. HP: 21/22 MP: 2/2
   372 | D:1      | Reached skill level 3 in Long Blades
  1332 | D:2      | Reached XP level 3. HP: 28/28 MP: 3/3
  1342 | D:2      | You fall into a shaft and drop 1 floor!
  1467 | D:2      | Found a faded altar of an unknown god.
  1473 | D:2      | Got Plato's Reference Book on Flames
  1523 | D:2      | Reached skill level 1 in Armour
  1832 | D:2      | Gained mutation: You are mostly covered in slimy green
                  | scales. (AC +3) [demonic ancestry]
  1832 | D:2      | Reached XP level 4. HP: 34/34 MP: 4/4
  2510 | D:3      | Reached skill level 4 in Long Blades
  2569 | D:3      | Found a burning altar of Makhleb.
  2721 | D:4      | Noticed a scorpion
  2734 | D:4      | Killed a scorpion
  2735 | D:4      | Reached XP level 5. HP: 41/41 MP: 5/5
  2857 | D:4      | Noticed an ogre
  2866 | D:4      | Killed an ogre
  2867 | D:4      | Reached XP level 6. HP: 19/47 MP: 6/6
  3147 | D:4      | Reached skill level 5 in Long Blades
  3343 | D:4      | Found Buckott's Antique Weapon Shop.
  4137 | D:5      | Entered Level 5 of the Dungeon
  4201 | D:5      | Noticed a troll
  4217 | D:5      | Slain by a troll

Illustrated notes

Levels and vault maps discovered:
D:1:      lightli_arrival_maybe_door_vault, layout_basic, amethyst_killhole,
          skrybe_limestone_x
D:2:      layout_basic, shapermc_ecumenical_altar_rom_forum
D:3:      layout_basic, bloody_makhleb, minmay_misc_feat_plants, minmay_cut_off
D:4:      layout_layer_cave, serial_shops, shop_fountains
D:5:      layout_loops_corners

Skill      XL: |  1  2  3  4  5  6 |
---------------+-------------------+-----
Throwing       | 2 |  2.1
Long Blades    | 3 4 5 |  5.3
Armour         | 1 |  1.9
Dodging        | 3 |  3.0
Fighting       | 3 |  3.3

Action                   |  1- 3 |  4- 6 || total
-------------------------+-------+-------++-------
Melee: Long sword        |   129 |   158 ||   287
Throw: Dart              |       |    20 ||    20
       Throwing net      |       |     1 ||     1
  Use: Potion            |       |     2 ||     2
Armor: Leather armour    |    54 |       ||    54
       Chain mail        |     2 |   124 ||   126
Dodge: Dodged            |    74 |    69 ||   143
       Rpst.: Long sword |    16 |    21 ||    37
